 Dungeon Crawl Stone Soup version 0.30-b1-2-g02819fbbbe (webtiles) character file.

Game seed: 11725077120729521793

105 infinitevox the Ducker (level 4, -8/32 HPs)
             Began as a Demonspawn Wanderer on May 3, 2023.
             Was a Believer of Jiyva.
             Killed by an exploding Natasha (16 damage)
             ... ignited by their inner flame
             ... on level 3 of the Dungeon.
             The game lasted 00:08:01 (1297 turns).

infinitevox the Ducker (Demonspawn Wanderer)        Turns: 1297, Time: 00:08:03

Health: -8/32      AC:  3    Str: 10    XL:     4   Next: 54%
Magic:  7/7        EV: 13    Int: 12    God:    Jiyva [**....]
Gold:   97         SH:  0    Dex: 18    Spells: 6/7 levels left

rFire   + . .        m - +7 club
rCold   + . .        (no shield)
rNeg    . . .        d - +0 robe
rPois   +            (no helmet)
rElec   +            b - +0 cloak
rCorr   +            (no gloves)
SInv    .            (no boots)
Will    .....        (no amulet)
Stlth   ++           (no ring)
HPRegen 1.21/turn    (no ring)
MPRegen 0.40/turn

%: no passive effects
@: resistant, slowed, very slow
A: powered by pain 1, weakness stinger 1
a: Renounce Religion


You were on level 3 of the Dungeon.
You worshipped Jiyva.
Jiyva was pleased with you.
You visited 1 branch of the dungeon, and saw 3 of its levels.

You collected 97 gold pieces.

Inventory:

Hand Weapons
 a - a +2 quarterstaff
 m - a +7 club (weapon)
Armour
 b - a +0 cloak (worn)
 d - a +0 robe (worn)
Jewellery
 f - an amulet of guardian spirit
Scrolls
 h - a scroll of enchant weapon
Potions
 g - a potion of attraction {unknown}
 k - a potion of brilliance
 l - 2 potions of curing


   Skills:
 - Level 1.0 Fighting
 + Level 3.3 Staves
 + Level 3.6 Dodging
 - Level 2.0 Spellcasting
 + Level 2.5 Hexes


You had 6 spell levels left.
You knew the following spells:

 Your Spells              Type           Power      Damage    Failure   Level
a - Slow                  Hex            28%        N/A       10%         1

Your spell library contained the following spells:

 Spells                   Type           Power      Damage    Failure   Level
 Dazzling Flash           Conj/Hex       8%         N/A       43%         3
 Summon Forest            Summ/Tloc      0%         N/A       100%        5
 Eringya's Noxious Bog    Tmut/Pois      0%         N/A       100%        6
 Summon Hydra             Summ           0%         N/A       100%        7


Dungeon Overview and Level Annotations

Branches:
Dungeon (3/15)

Altars:
Cheibriados
Jiyva


Innate Abilities, Weirdness & Mutations

You sometimes gain a little power by taking damage.
You have a small tail.


Message History

* * * LOW HITPOINT WARNING * * *
Natasha barely misses you.
The cerulean imp hits you but does no damage.
You feel much better. The cerulean imp barely misses you.
The cerulean imp hits you from afar with a +1 spear.
Natasha claws you.
The cerulean imp hits you with a +2 spear.
You feel protected.
Natasha is no longer moving slowly.
The cerulean imp barely misses you.
The cerulean imp hits you with a +2 spear.
* * * LOW HITPOINT WARNING * * *
Natasha zaps a wand.
The puff of flame hits you. You resist.
* * * LOW HITPOINT WARNING * * *
The cerulean imp closely misses you.
You feel much better.
The cerulean imp hits you with a +2 spear.
Natasha extends her claws.
Natasha claws you.
The cerulean imp hits you from afar with a +1 spear.
The cerulean imp hits you with a +2 spear.
As you read the scroll labelled GAMUEKO YZEG, it crumbles to dust.
The creatures around you are filled with an inner flame!
It was a scroll of immolation.
The cerulean imp disappears in a puff of smoke!
Natasha closely misses you.
The cerulean imp hits you with a +2 spear.
Natasha misses you.
As you read the scroll labelled RUTHOY UNKIEPS, it crumbles to dust.
Your body is wracked with pain!
* * * LOW HITPOINT WARNING * * *
Natasha convulses!
Flame seeps out of Natasha.
It was a scroll of torment.
The cerulean imp hits you with a +2 spear.
* * * LOW HITPOINT WARNING * * *
Natasha is engulfed in blazing flames.
You feel Natasha's spirit has finally been put to rest.
The cerulean imp disappears in a puff of smoke!
Natasha explodes!
The fiery explosion engulfs you! You resist.
Ouch! That really hurt!
You die...

#...⌠#..††.....#
###.........#
#######'########
##...###.....#
#....# #..###
+........ ####.#
##.## #.....###
#.######..#
+.....#
#..##<...##
#.....#
##.##.####
#.....#
#.##.#####
....###
#>...§@○.#
########§# ...
.### .# .# .# ##


There were no monsters in sight!

Vanquished Creatures
  Jessica (D:3)
  Natasha (twice) (D:3)
  2 adders (D:3)
  A dart slug (D:1)
  A worm (D:2)
  An endoplasm (D:1)
  3 giant cockroaches
  2 goblins (D:1)
  4 hobgoblins
  2 quokkas (D:2)
  4 ball pythons
  5 bats
  A frilled lizard (D:2)
  3 kobolds
  3 rats
35 creatures vanquished.

Vanquished Creatures (others)
  Natasha (D:3)
  A ball python (D:3)
  A bat (D:3)
  2 rats (D:3)
5 creatures vanquished.

Grand Total: 40 creatures vanquished

Notes
Turn   | Place    | Note
-------+----------+-------------------------------------------
     0 | D:1      | infinitevox the Demonspawn Wanderer began the quest for the
                  | Orb.
     0 | D:1      | infinitevox set off with the following items: a +2
                  | quarterstaff, a +0 cloak, a potion of heal wounds, a +0
                  | robe; and the following spell memorised: Slow; and the
                  | following spells available to memorise: Dazzling Flash.
     0 | D:1      | Reached XP level 1. HP: 15/15 MP: 3/3
   295 | D:1      | Gained mutation: You have a small tail. [demonic ancestry]
   295 | D:1      | Reached XP level 2. HP: 21/21 MP: 5/5
   359 | D:1      | Found a faded altar of an unknown god.
   364 | D:1      | Prayed at the altar of an unknown god.
   364 | D:1      | Became a worshipper of Jiyva Jubessia the Shapeless
   364 | D:1      | Reached * piety under Jiyva
   870 | D:2      | Gained mutation: You sometimes gain a little power by
                  | taking damage. [demonic ancestry]
   870 | D:2      | Reached XP level 3. HP: 26/26 MP: 6/6
   900 | D:2      | Reached ** piety under Jiyva
  1060 | D:3      | Noticed Jessica
  1075 | D:3      | Killed Jessica
  1127 | D:3      | Reached XP level 4. HP: 32/32 MP: 7/7
  1158 | D:3      | Noticed Natasha
  1175 | D:3      | Killed Natasha
  1185 | D:3      | Killed Natasha
  1223 | D:3      | Found a snail-covered altar of Cheibriados.
  1273 | D:3      | Noticed Natasha
  1297 | D:3      | Killed Natasha
  1297 | D:3      | Killed by an exploding Natasha... ignited by their inner
                  | flame

Illustrated notes

Levels and vault maps discovered:
D:1:      dpeg_arrival_tiny_k, layout_rooms, hellmonk_ecumenical_altar_run_dry,
          kennysheep_small_spiral
D:2:      layout_basic
D:3:      layout_basic, mainiacjoe_overflow_alcove_2, serial_shops,
          nicolae_shop_tiny_statue_garden, uniq_jessica, uniq_natasha

Skill      XL: |  1  2  3 |
---------------+----------+-----
Dodging        | 3 |  3.6
Staves         | 2 3 |  3.3
Fighting       | |  1.0
Spellcasting   | |  2.0
Hexes          | |  2.5

Action                     |  1- 3 |  4- 6 || total
---------------------------+-------+-------++-------
  Melee: Quarterstaff      |    66 |    28 ||    94
         Tailslap          |     5 |     2 ||     7
         Club              |       |     1 ||     1
   Cast: Slow              |     4 |     6 ||    10
    Use: Scroll            |       |     6 ||     6
         Potion            |       |     4 ||     4
   Stab: Sleeping          |     1 |       ||     1
 Armour: Robe              |    14 |     8 ||    22
  Dodge: Dodged            |    48 |    38 ||    86
